Map: Oxide LE

Players

ShaDoWn - Winner!

  • Race: Protoss Protoss
  • Spawn Location: 7:00

BlyOnFire (Bly)

  • Race: Zerg Zerg
  • Spawn Location: 1:00

Event: DreamHack SC2 Masters 2020 Winter

VOD

Have the link to the VOD?

Description

Time

  • Played on: Oct. 21, 2020, 11:28 a.m.
  • Length: 14:10

All games in this series

Show
View Real Time Build Order
Export as new Build Order

ShaDoWn Protoss - Winner!

Build Orders: 1 Gate Expand, Oracle Opening 

Get SALT Encoding   

  12  0:00  Probe  
  13  0:12  Probe  
  14  0:22  Pylon  
  14  0:24  Probe  
  15  0:40  Probe (Chrono Boost)  
  15  0:41  Gateway  
  17  0:50  Assimilator, Probe (Chrono Boost)  
  17  0:55  Probe (Chrono Boost)  
  18  1:06  Probe  
  19  1:19  Probe  
  20  1:31  Probe  
  21  1:36  Nexus  
  21  1:41  Cybernetics Core  
  21  1:45  Probe  
  22  1:50  Assimilator  
  22  1:56  Pylon  
  22  2:01  Probe  
  23  2:14  Adept (Chrono Boost)  
  23  2:15  Probe  
  26  2:27  Probe  
  26  2:28  Stargate  
  27  2:37  Adept  
  27  2:39  Probe (Chrono Boost)  
  27  2:42  Warp Gate  
  30  2:50  Probe x2 (Chrono Boost)  
  32  2:57  Probe (Chrono Boost)  
  32  2:58  Probe (Chrono Boost)  
  34  3:02  Probe (Chrono Boost)  
  34  3:05  Probe  
  36  3:08  Oracle (Chrono Boost)  
  39  3:14  Probe  
  39  3:15  Pylon  
  39  3:17  Probe  
  41  3:27  Probe  
  42  3:29  Probe  
  42  3:32  Void Ray (Chrono Boost)  
  43  3:36  Gateway  
  43  3:39  Probe  
  48  3:41  Probe  
  49  3:56  Nexus  
  49  4:00  Probe  
  49  4:01  Pylon  
  49  4:02  Probe  
  51  4:15  Probe (Chrono Boost)  
  51  4:16  Assimilator  
  52  4:17  Probe (Chrono Boost)  
  52  4:18  Assimilator  
  52  4:21  Pylon  
  52  4:27  Probe (Chrono Boost)  
  52  4:30  Probe (Chrono Boost)  
  53  4:31  Probe (Chrono Boost)  
  55  4:38  Probe  
  55  4:39  Zealot  
  55  4:42  Probe  
  57  4:45  Zealot  
  57  4:48  Stargate  
  57  4:50  Stargate, Probe  
  60  4:54  Probe  
  61  5:00  Zealot  
  61  5:02  Probe  
  61  5:06  Adept, Probe  
  67  5:14  Nexus, Probe  
  64  5:15  Pylon  
  64  5:18  Probe, Void Ray  
  64  5:27  Probe, Void Ray  
  64  5:28  Shield Battery  
  69  5:29  Void Ray (Chrono Boost)  
  69  5:30  Probe  
  78  5:40  Pylon  
  78  5:48  Probe  
  78  5:54  Pylon  
  78  5:56  Pylon  
  78  5:58  Probe  
  78  6:00  Probe  
  78  6:03  Void Ray x3 (Chrono Boost)  
  84  6:10  Probe  
  85  6:12  Probe  
  85  6:15  Shield Battery  
  94  6:22  Probe  
  95  6:33  Void Ray  
  99  6:40  Stalker x2  
  99  6:46  Void Ray  
  102  6:50  Probe x3  
  102  6:52  Assimilator  
  102  6:54  Pylon  
  107  7:01  Void Ray  
  104  7:02  Probe (Chrono Boost)  
  104  7:03  Probe (Chrono Boost)  
  104  7:04  Probe (Chrono Boost)  
  107  7:12  Assimilator, Zealot x2  
  112  7:18  Probe (Chrono Boost)  
  112  7:19  Probe (Chrono Boost)  
  110  7:22  Probe (Chrono Boost)  
  110  7:23  Probe (Chrono Boost)  
  107  7:30  Probe, Void Ray  
  107  7:34  Zealot x2  
  107  7:35  Void Ray  
  114  7:41  Probe (Chrono Boost)  
  119  7:47  Probe (Chrono Boost)  
  121  7:52  Probe (Chrono Boost)  
  121  7:53  Probe (Chrono Boost)  
  121  7:56  Probe (Chrono Boost)  
  123  8:05  Probe  
  116  8:06  Twilight Council  
  116  8:07  Forge  
  116  8:10  Zealot x2  
  116  8:12  Probe  
  116  8:18  Probe  
  117  8:21  Gateway x2, Probe  
  117  8:24  Gateway  
  118  8:34  Charge, Probe (Chrono Boost)  
  118  8:39  Protoss Ground Weapons Level 1 (Chrono Boost)  
  119  8:41  Zealot x2  
  119  8:45  Gateway, Probe (Chrono Boost)  
  119  8:47  Templar Archives  
  124  8:48  Gateway  
  124  8:50  Probe  
  124  8:52  Gateway  
  124  8:54  Gateway  
  123  8:56  Gateway  
  123  9:01  Gateway  
  123  9:02  Gateway, Probe  
  124  9:03  Probe  
  124  9:05  Gateway  
  124  9:08  Gateway, Robotics Facility  
  125  9:15  Psionic Storm  
  125  9:26  Pylon  
  125  9:30  Pylon  
  125  9:31  Pylon  
  125  9:36  Pylon  
  125  9:46  High Templar x4  
  133  9:53  Warp Prism (Chrono Boost)  
  135  10:03  High Templar, Zealot x4  
  135  10:04  Zealot  
  135  10:06  Nexus  
  147  10:07  Pylon  
  147  10:10  Pylon  
  147  10:14  Pylon  
  147  10:18  Probe  
  147  10:19  Probe  
  147  10:20  Probe  
  150  10:22  High Templar x2  
  150  10:23  Zealot  
  152  10:30  Probe  
  153  10:36  High Templar x2  
  153  10:37  Zealot x7  
  153  10:41  Archon  
  153  10:42  Archon  
  171  10:46  Probe  
  171  10:48  Assimilator, Protoss Ground Weapons Level 2 (Chrono Boost)  
  171  10:49  Assimilator, Shield Battery  
  170  10:53  Photon Cannon  
  170  10:59  Observer (Chrono Boost)  
  171  11:05  Pylon  
  171  11:12  Zealot x5  
  167  11:35  Archon  
  161  11:41  Zealot x10  
  161  11:43  Probe  
  150  12:01  High Templar x8  
  150  12:04  Probe  
  149  12:18  Photon Cannon  
  149  12:19  High Templar  
  149  12:20  Photon Cannon x2  
  149  12:22  Photon Cannon  
  149  12:24  Photon Cannon  
  149  12:26  Shield Battery  
  149  12:29  Zealot x4  
  157  12:30  Zealot  
  157  12:35  Zealot x6  
  169  12:46  High Templar x2  
  171  12:53  High Templar  
  171  12:54  High Templar x2  
  171  12:55  High Templar  
  171  12:56  Zealot x8  
  195  13:00  Archon x3  
  195  13:04  Robotics Facility  
  195  13:06  Pylon  
  195  13:12  Observer (Chrono Boost)  
  196  13:18  Zealot x2  
  200  13:28  Nexus  
  165  13:59  Zealot x10  
Show
View Real Time Build Order
Export as new Build Order

BlyOnFire Zerg 

Build Orders: Hatch First 

Get SALT Encoding   

  12  0:00  Drone  
  13  0:12  Overlord  
  13  0:18  Drone  
  14  0:32  Drone x2  
  16  0:47  Drone x2  
  18  1:05  Drone  
  19  1:20  Drone  
  19  1:22  Hatchery, Spawning Pool  
  19  1:40  Drone x3, Extractor  
  20  1:53  Drone  
  21  1:58  Hatchery  
  20  2:04  Drone  
  21  2:12  Extractor, Queen  
  23  2:17  Overlord  
  23  2:34  Queen  
  23  2:35  Zergling x2  
  27  2:37  Zergling x4  
  28  2:44  Metabolic Boost  
  28  2:49  Drone x2  
  30  2:59  Overlord  
  30  3:05  Drone  
  31  3:07  Drone x2  
  31  3:10  Queen  
  35  3:15  Drone  
  35  3:19  Drone x2  
  38  3:22  Queen  
  40  3:28  Zergling x2  
  40  3:30  Spore Crawler, Zergling x2  
  41  3:35  Spore Crawler  
  40  3:42  Spore Crawler  
  40  3:43  Drone x2  
  41  3:49  Drone x5  
  41  3:55  Overlord  
  46  4:01  Overlord  
  46  4:10  Zergling x10  
  49  4:18  Drone x6  
  49  4:23  Drone x3  
  56  4:32  Drone  
  56  4:33  Drone x2  
  58  4:38  Extractor  
  58  4:39  Roach Warren  
  58  4:42  Extractor  
  55  4:48  Overlord  
  55  4:49  Drone x3, Overlord  
  55  4:51  Overlord  
  57  4:53  Overlord  
  57  4:58  Overlord  
  57  4:59  Overlord  
  57  5:02  Evolution Chamber  
  57  5:07  Drone, Overlord  
  56  5:09  Drone x2  
  58  5:15  Drone x6  
  62  5:23  Drone x3  
  65  5:36  Roach x4  
  73  5:49  Roach x4  
  81  5:54  Overlord  
  80  5:58  Queen x2  
  80  6:02  Queen  
  83  6:07  Zergling x18  
  83  6:09  Ravager x5  
  98  6:18  Zergling x6  
  98  6:22  Ravager  
  98  6:35  Overlord  
  98  6:38  Zergling x18  
  103  6:42  Queen x2  
  92  6:55  Zergling x8  
  92  6:56  Queen  
  85  7:02  Zergling x4  
  79  7:10  Roach  
  79  7:11  Roach x2  
  84  7:18  Queen  
  82  7:22  Lair  
  82  7:28  Zergling x8  
  82  7:31  Queen  
  83  7:40  Spore Crawler x2  
  83  7:42  Zergling x10  
  85  7:44  Ravager x3  
  85  7:48  Zergling x2  
  86  8:06  Zergling x8  
  86  8:07  Zergling x10  
  95  8:19  Drone x3  
  91  8:20  Drone x2  
  91  8:21  Extractor  
  91  8:22  Hydralisk Den  
  89  8:27  Glial Reconstitution  
  89  8:29  Drone  
  89  8:30  Drone  
  89  8:32  Extractor  
  90  8:35  Extractor  
  90  8:36  Drone x2  
  90  8:37  Hatchery  
  90  8:41  Infestation Pit  
  84  8:43  Drone x2  
  84  8:59  Muscular Augments  
  84  9:01  Baneling Nest  
  83  9:07  Drone x2  
  85  9:15  Hydralisk x11  
  105  9:26  Hatchery  
  105  9:30  Drone x5  
  97  9:48  Zergling x8  
  97  9:51  Hatchery  
  99  9:53  Lair  
  99  10:01  Hydralisk x4  
  106  10:11  Baneling x8  
  106  10:14  Zergling x6  
  109  10:21  Grooved Spines  
  109  10:30  Drone x7  
  111  10:44  Roach x7  
  124  10:55  Baneling x3, Overseer  
  124  10:57  Roach  
  124  10:58  Overlord  
  124  10:59  Overlord x2  
  126  11:10  Spore Crawler  
  125  11:16  Overlord  
  125  11:17  Overlord  
  125  11:25  Roach x11  
  124  11:39  Roach x3  
  112  11:49  Roach  
  112  11:50  Roach  
  105  12:00  Drone x2  
  100  12:09  Drone  
  100  12:10  Drone  
  102  12:20  Infestor  
  102  12:21  Infestor  
  106  12:36  Drone, Hatchery  
  106  12:37  Drone  
  107  12:44  Drone x4  
  111  12:54  Overlord  
  111  12:55  Drone  
  112  13:00  Drone x3  
  115  13:06  Overlord  
  115  13:10  Extractor  
  114  13:12  Roach Warren  
  113  13:35  Overlord  
  113  13:38  Hydralisk x7  
  113  13:39  Overlord  
  121  13:48  Overlord  
Tags
 
Add a new tag
Caveats
  • Supply blocks, unpowered buildings, or Contaminate may cause inaccurate times.
  • Supply counts are checked every 10 seconds.